 Zot Defence DCSS version 0.15.2 (webtiles) character file.

16 Kakkamies the Grave Robber (level 2, -2/19 HPs)
             Began as a Vampire Necromancer on June 22, 2017.
             Slain by Frefin the black bear (3 damage)
             ... in the Realm of Zot (Scenario V: Glassed Sandwich).
             The game lasted 00:01:49 (276 turns).

Kakkamies the Grave Robber (Vampire Necromancer)     Turns: 276, Time: 00:01:49

HP  -2/19        AC  2     Str  7      XL: 2   Next: 41%
MP   0/4         EV 12     Int 17      God:
Gold 0           SH  0     Dex 14      Spells:  2 memorised,  3 levels left

rFire  . . .     SeeInvis +     j - +0 dagger
rCold  . . .     Clarity  .     a - +0 robe
rNeg   + . .     rCorr    .     (no shield)
rPois  .         rRot     .     (no helmet)
rElec  .         Spirit   .     (no cloak)
SustAb .         Warding  .     (no gloves)
rMut   .         Stasis   .     (no boots)
Gourm  .                        (no amulet)
MR     .....                    (no ring)
                                (no ring)

@: not resistant to hostile enchantments, unstealthy
A: fangs 3, see invisible, unbreathing
a: Make oklob sapling


You were in the Realm of Zot.
You were not thirsty.

You visited 1 branch

Inventory:

Hand weapons
 j - a +0 dagger (weapon)
Armour
 a - a +0 robe (worn)
Scrolls
 i - a scroll of blinking
Potions
 c - 3 potions of curing
 d - a potion of blood
 e - a potion of heal wounds
 f - a potion of haste
 g - 2 potions of magic
 h - a potion of berserk rage
Books
 b - a book of Necromancy

   Spells                             Type                      Level
   *Pain                              Necromancy                   1
   *Animate Skeleton                  Necromancy                   1
   Vampiric Draining                  Necromancy                   3
   Regeneration                       Charms/Necromancy            3
   Animate Dead                       Necromancy                   4
   Control Undead                     Necromancy                   4


   Skills:
 + Level 2.1 Dodging
 - Level 3.0 Stealth
 + Level 2.1 Spellcasting
 + Level 5.0 Necromancy


You had 3 spell levels left.
You knew the following spells:

 Your Spells              Type           Power        Failure   Level  Hunger
a - Pain                  Necr           ###.         2%          1    #......
b - Animate Skeleton      Necr           N/A          2%          1    #......


Dungeon Overview and Level Annotations

Branches:
    Zot (1/1)

Altars:


Innate Abilities, Weirdness & Mutations

You have razor-sharp teeth.
You have supernaturally acute eyesight.
You can survive without breathing.


Message History

You finish memorising.
Spell assigned to 'b'.
You see here the Orb of Zot.
Your oklob sapling spits acid at Frefin.
The splash of acid hits Frefin.
Frefin writhes in agony as its flesh is eaten away!
Use which ability? (? or * to list)
Okay, then.
Frefin bites you.
* * * LOW HITPOINT WARNING * * *
Frefin claws you.
* * * LOW HITPOINT WARNING * * *
Frefin misses you.
Casting: Pain
Confirm with . or Enter, or press ? or * to list all spells.
Aiming: Pain
Press: ? - help, Shift-Dir - straight line, f - Frefin
Aim: Frefin the black bear (moderately wounded, bleeding) Frefin convulses in agony!
Frefin misses you. Frefin claws you but does no damage. Frefin claws you.
You die...

▓▓▓▓▓▓▓▓▓▓▓▓▓▓▓▓▓▓▓▓▓▓▓▓▓▓▓▓▓▓▓▓▓
.................................
..............▓▓.▓▓..............
.............▓▓.%.▓▓.............
............▓▓..%..▓▓............
...........▓▓...%...▓▓...........
..........▓▓.........▓▓..........
▓▓▓▓▓▓▓▓▓▓▓.....h.....▓▓▓▓▓▓▓▓▓▓▓
∆∆∆∆∆∆∆▓▓▓▓▓▓▓▓P@.▓▓▓▓▓▓▓▓▓∆∆∆∆∆∆
▓▓▓▓▓▓▓▓▓▓▓...........▓▓▓▓▓▓▓▓▓▓▓
..........▓▓....%....▓▓..........
...........▓▓.......▓▓...........
............▓▓.....▓▓............
.............▓▓...▓▓.............
..............▓▓)▓▓..............
.................................
▓▓▓▓▓▓▓▓▓▓▓▓▓▓▓▓▓▓▓▓▓▓▓▓▓▓▓▓▓▓▓▓▓


You could see Frefin the black bear (bleeding) and a friendly oklob sapling.

Vanquished Creatures
  2 giant cockroaches (Zot)
  2 goblins (Zot)
4 creatures vanquished.

Vanquished Creatures (collateral kills)
  A giant cockroach (Zot)
  A goblin (Zot)
  A kobold (Zot)
  A rat (Zot)
4 creatures vanquished.

Grand Total: 8 creatures vanquished

Notes
Turn   | Place    | Note
--------------------------------------------------------------
     0 | Zot      | Kakkamies, the Vampire Necromancer, began the quest for the Orb.
     0 | Zot      | Reached XP level 1. HP: 13/13 MP: 3/3
   242 | Zot      | Reached XP level 2. HP: 16/19 MP: 0/4
   264 | Zot      | Noticed Frefin
   264 | Zot      | Reached skill level 5 in Necromancy
   271 | Zot      | Learned a level 1 spell: Animate Skeleton
   276 | Zot      | Slain by Frefin the black bear

Action                   || total
-------------------------++-------
Melee: Unarmed           ||     6
 Cast: Pain              ||     7
 Abil: Make oklob saplin ||     1
  Eat: Corpse            ||     1
